 Dungeon Crawl Stone Soup version 0.31.0-11-ge490571c62 (webtiles) character file.

Game seed: 6223956317415305490

87 raph the Firebug (level 4, -1/24 HPs)
             Began as a Deep Elf Fire Elementalist on Jan 30, 2024.
             Slain by a gnoll
             ... wielding a +0 club
              (2 damage)
             ... on level 2 of the Dungeon.
             The game lasted 00:03:08 (2157 turns).

raph the Firebug (Deep Elf Fire Elementalist)       Turns: 2157, Time: 00:03:08

Health: -1/24      AC:  2    Str:  5    XL:     4   Next: 28%
Magic:  0/11       EV: 12    Int: 22    God:
Gold:   131        SH:  0    Dex: 15    Spells: 1/10 levels left

rFire   . . .        d - +0 short sword
rCold   . . .        (no shield)
rNeg    . . .        a - +0 robe
rPois   .            (no helmet)
rElec   .            (no cloak)
rCorr   .            (no gloves)
SInv    .            (no boots)
Will    +....        (no amulet)
Stlth   ++           j - ring of willpower
HPRegen 0.24/turn    (no ring)
MPRegen 0.12/turn

%: no passive effects
@: no status effects
A: no striking features
a: no special abilities


You were on level 2 of the Dungeon.
You visited 1 branch of the dungeon, and saw 2 of its levels.

You collected 131 gold pieces.

Inventory:

Hand Weapons
 d - a +0 short sword (weapon)
Armour
 a - a +0 robe (worn)
Jewellery
 j - a ring of willpower (left hand)
Scrolls
 c - a scroll of brand weapon {unknown}
 e - a scroll of torment {unknown}
 f - 2 scrolls of enchant armour {unknown}
 h - a scroll of teleportation {unknown}
 i - a scroll of poison {unknown}
 k - a scroll of fog {unknown}
Potions
 b - a potion of magic
 g - 2 potions of attraction {unknown}
 l - a potion of berserk rage {unknown}


   Skills:
 - Level 2.4 Dodging
 - Level 2.4 Stealth
 + Level 3.8 Spellcasting
 * Level 2.8 Conjurations
 * Level 4.4 Fire Magic


You had one spell level left.
You knew the following spells:

 Your Spells              Type           Power      Damage    Failure   Level
a - Foxfire               Conj/Fire      80%        2x1d8     2%          1
b - Scorch                Fire           46%        2d6       2%          2
c - Inner Flame           Hex/Fire       13%        N/A       14%         3
d - Volatile Blastmotes   Fire/Tloc      26%        2d12      14%         3

Your spell library contained the following spells:

 Spells                   Type           Power      Damage    Failure   Level
 Sandblast                Erth           8%         2d5       12%         1
 Lesser Beckoning         Tloc           8%         N/A       17%         2
 Stone Arrow              Conj/Erth      20%        3d8       19%         3
 Flame Wave               Conj/Fire      20%        2d7       26%         4
 Gell's Gravitas          Tloc           4%         N/A       34%         3
 Passwall                 Erth           4%         N/A       34%         3
 Teleport Other           Tloc           4%         N/A       34%         3
 Sticky Flame             Fire/Alch      13%        2d5       41%         4
 Brom's Barrelling Bould  Conj/Erth      10%        2d3       54%         4


Dungeon Overview and Level Annotations

Branches:
Dungeon (2/15)

Altars:


Message History

Confirm with . or Enter, or press ? or * to list all spells.
You conjure some foxfire!
The foxfire hits the gnoll.
The gnoll is severely wounded.
The foxfire hits the gnoll.
The gnoll is severely wounded.
The gnoll barely misses you. The gnoll hits you but does no damage.
Casting: Foxfire (safe; 2% risk of failure)
Confirm with . or Enter, or press ? or * to list all spells.
You conjure some foxfire!
The foxfire hits the gnoll!
You kill the gnoll!
The foxfire hits the hobgoblin.
The hobgoblin is moderately wounded.
The gnoll closely misses you.
Casting: Foxfire (safe; 2% risk of failure)
Confirm with . or Enter, or press ? or * to list all spells.
You conjure some foxfire!
The foxfire hits the hobgoblin.
The hobgoblin is severely wounded.
The foxfire hits the hobgoblin but does no damage.
The hobgoblin is severely wounded.
The hobgoblin hits you.
The gnoll hits you from afar with a +0 spear.
Casting: Foxfire (safe; 2% risk of failure)
Confirm with . or Enter, or press ? or * to list all spells.
You conjure some foxfire!
The foxfire hits the hobgoblin.
The hobgoblin is almost dead.
The foxfire hits the hobgoblin.
You kill the hobgoblin!
The gnoll hits you from afar with a +0 spear.
* * * LOW HITPOINT WARNING * * *
Casting: Foxfire (safe; 2% risk of failure)
Confirm with . or Enter, or press ? or * to list all spells.
You don't have enough magic to cast this spell.
Casting: Foxfire (safe; 2% risk of failure)
Confirm with . or Enter, or press ? or * to list all spells.
You conjure some foxfire!
The foxfire hits the gnoll.
The gnoll is moderately wounded.
The gnoll hits you from afar with a +0 spear.
* * * LOW HITPOINT WARNING * * *
The gnoll hits you with a +0 club.
You die...

#.#. #.#> #.#. #.#. #.#.
##### ##.#. # ...# #....
###. #v######### #.#.#.
...$. #v@.......###.##.#.
#...###.g######.##.###...
#....g.#................
#.##..#.######.####.###.
#.#.## #.# ##.#.. #.#)#
#.# ##.#. #.#.# #.# ####
#.#.# #.# ....# ##.#
#######


You could see 2 gnolls.

Vanquished Creatures
  Terence (D:2)
  A gnoll (D:2)
  A dart slug (D:2)
  A ribbon worm (D:2)
  3 bats (D:1)
  5 endoplasms (D:1)
  5 giant cockroaches (D:1)
  2 hobgoblins (D:2)
  3 jackals (D:1)
  3 quokkas (D:1)
  2 ball pythons (D:1)
  4 frilled lizards (D:1)
  4 goblins
  5 kobolds
  6 rats
46 creatures vanquished.

Vanquished Creatures (others)
  83 foxfires
83 creatures vanquished.

Grand Total: 129 creatures vanquished

Notes
Turn   | Place    | Note
-------+----------+-------------------------------------------
     0 | D:1      | raph the Deep Elf Fire Elementalist began the quest for the
                  | Orb.
     0 | D:1      | Reached XP level 1. HP: 10/10 MP: 6/6
   428 | D:1      | Reached XP level 2. HP: 11/15 MP: 8/8
   499 | D:1      | Learned a level 2 spell: Scorch
   935 | D:1      | Reached XP level 3. HP: 15/19 MP: 1/9
   939 | D:1      | Learned a level 3 spell: Inner Flame
  1414 | D:1      | Reached skill level 4 in Fire Magic
  1949 | D:2      | Learned a level 3 spell: Volatile Blastmotes
  2142 | D:2      | Noticed Terence
  2145 | D:2      | Killed Terence
  2146 | D:2      | Reached XP level 4. HP: 24/24 MP: 6/11
  2157 | D:2      | HP: 1/24 [gnoll/+0 spear (2)]
  2157 | D:2      | Slain by a gnoll

Illustrated notes

Levels and vault maps discovered:
D:1:      ebering_trefoil_3fold, layout_basic, minivault_11
D:2:      layout_loops_ring, uniq_terence

Skill      XL: |  1  2  3 |
---------------+----------+-----
Conjurations   | 2 |  2.8
Fire Magic     | 4 |  4.4
Dodging        | |  2.4
Stealth        | |  2.4
Spellcasting   | |  3.8

Action                     |  1- 3 |  4- 6 || total
---------------------------+-------+-------++-------
  Melee: Short sword       |     7 |       ||     7
   Cast: Foxfire           |    47 |     7 ||    54
         Scorch            |    23 |       ||    23
 Armour: Robe              |    17 |     8 ||    25
  Dodge: Dodged            |    14 |     5 ||    19
